 Dungeon Crawl Stone Soup version 0.26-a0-639-g72c4674329 (webtiles) character file.

Game seed: 7034673676883174078

4832 Borgoz the Fighter (level 10, 0/66 HPs)
             Began as a Gargoyle Berserker on Sept 18, 2020.
             Was an Elder of Trog.
             Impaled on a porcupine's spines (13 damage)
             ... on level 9 of the Dungeon.
             The game lasted 00:09:52 (7462 turns).

Borgoz the Fighter (Gargoyle Berserker)             Turns: 7462, Time: 00:09:53

Health: 0/66       AC: 18    Str: 22    XL:     10   Next: 49%
Magic:  0/10       EV: 13    Int:  7    God:    Trog [****..]
Gold:   444        SH:  0    Dex: 12    Spells: 9/9 levels left

rFire    + . .     SeeInvis .   w - +0 flail
rCold    x . .     Faith    .   (no shield)
rNeg     + . .     Spirit   +   h - +0 scale mail
rPois    ∞         Reflect  .   (no helmet)
rElec    +         Harm     .   (no cloak)
rCorr    +         Rampage  .   g - +0 pair of gloves {archery}
MR       ++...                  o - +0 pair of boots
Stlth    ..........             F - amulet of guardian spirit
HPRegen  1.21/turn              p - ring of resist corrosion
MPRegen  0.12/turn              E - ring of fire

@: regenerating
A: negative energy resistance 1, electricity resistance, unbreathing,
petrification resistance, rot immunity, AC +7
a: Berserk, Trog's Hand, Brothers in Arms, Renounce Religion


You were on level 9 of the Dungeon.
You worshipped Trog.
Trog was greatly pleased with you.
You visited 2 branches of the dungeon, and saw 10 of its levels.

You collected 444 gold pieces.

Inventory:

Hand Weapons
 w - a +0 flail (weapon)
Armour
 g - a +0 pair of gloves of archery (worn)
 h - a +0 scale mail (worn)
 o - a +0 pair of boots (worn)
Jewellery
 k - an uncursed amulet of reflection
 p - a ring of resist corrosion (left hand)
 E - a ring of fire (right hand)
 F - an amulet of guardian spirit (around neck)
Wands
 a - a wand of paralysis (6)
 s - a wand of iceblast (7)
 C - a wand of enslavement (21)
Scrolls
 b - 3 scrolls of fog
 d - 3 scrolls of teleportation {unknown}
 f - 2 scrolls of fear {unknown}
 j - 2 scrolls of blinking {unknown}
 l - 2 scrolls of enchant weapon {unknown}
 n - a scroll of magic mapping {unknown}
 r - 2 scrolls of random uselessness {unknown}
 u - 3 scrolls of remove curse
 x - a scroll of amnesia {unknown}
 y - 2 scrolls of enchant armour {unknown}
 z - a scroll of immolation {unknown}
 A - a scroll of acquirement {unknown}
 B - 2 scrolls of silence {unknown}
Potions
 c - a potion of haste
 e - a potion of magic
 i - 3 potions of heal wounds
 m - 4 potions of curing
 q - 2 potions of cancellation
 t - a potion of berserk rage
 v - a potion of might
 D - a potion of resistance {unknown}


   Skills:
 + Level 9.0 Fighting
 + Level 8.2 Maces & Flails
 + Level 8.5 Armour
 + Level 6.5 Dodging


You had 9 spell levels left.
You didn't know any spells.
Your spell library was empty.

Dungeon Overview and Level Annotations

Branches:
Dungeon (9/15)             Temple (1/1) D:7
   Lair: D:8-11         Orc: D:9-12

Altars:
Ashenzari
Cheibriados
Dithmenos
Elyvilon
Fedhas
Gozag
Hepliaklqana
Kikubaaqudgha
Makhleb
Nemelex Xobeh
Okawaru
Qazlal
Ru
Sif Muna
Trog
Uskayaw
Vehumet
Wu Jian
Xom
Yredelemnul
Zin
The Shining One


Innate Abilities, Weirdness & Mutations

You are resistant to torment.
Your stone body is resilient. (AC +7)
You are immune to poison.
You resist negative energy. (rN+)
You are resistant to electric shocks. (rElec)
You can survive without breathing.
You are immune to petrification.
You are immune to rotting.


Message History

The porcupine is heavily wounded.
The porcupine closely misses you.
You hit the porcupine.
The porcupine is severely wounded.
The porcupine barely misses you.
You are struck by the porcupine's spines.
You sock the porcupine!
You kill the porcupine!
Trog accepts your kill. The porcupine barely misses you.
Your skin crawls.
You feel resistant to hostile enchantments.
The porcupine bites you!
You are struck by the porcupine's spines.
* * * LOW HITPOINT WARNING * * *
You barely miss the porcupine.
The porcupine is heavily wounded.
The porcupine barely misses you.
You are struck by the porcupine's spines.
You die...

# #....[...... #. ##Y........#
##.# ##...>....# #...#
##.......####
#..#####............
#...##r)#####...... #.5YYlY#
#.#### ########rY#..# #.....
#......@####..# ##.... ##.......#
#....# ##.... ###
##........##......###.....
#.####.........##..###........#
#...........)..#..# ##..#......
####................##...####...#
#......#.................# #..##
###...###.............##. #..#
##.## ##.......#....# .####.##


You could see 4 yaks, a basilisk, 2 porcupines and a shadow imp.

Vanquished Creatures
  A two-headed ogre (D:8)
  2 hippogriffs
  Sigmund (D:5)
  Eustachio (D:5)
  A yak (D:9)
  A water moccasin (D:9)
  A porcupine (D:9)
  An orc warrior (D:8)
  3 sky beasts
  2 ice beasts
  A black bear (D:7)
  4 ogres
  A phantom (D:7)
  3 centaurs
  6 bullfrogs
  A gnoll sergeant (D:7)
  5 scorpions
  A howler monkey (D:6)
  4 wights (D:2)
  A bullfrog zombie (D:6)
  An orc priest (D:5)
  4 hounds
  2 orc wizards
  A gnoll shaman (D:7)
  2 jellies
  Jessica (D:2)
  A bullfrog skeleton (D:3)
  2 centaur skeletons
  An iguana (D:5)
  8 worker ants
  10 gnolls
  10 adders
  3 shadow imps
  A white imp (D:8)
  3 ufetubi
  An ooze (D:1)
  An adder zombie (D:8)
  An adder skeleton (D:4)
  2 worms
  2 dart slugs (D:2)
  8 leopard geckos
  23 orcs
  2 ball pythons
  10 bats
  9 giant cockroaches
  5 goblins
  9 hobgoblins
  6 jackals
  2 quokkas
  A ball python skeleton (D:4)
  6 frilled lizards
  6 kobolds
  4 rats
189 creatures vanquished.

Vanquished Creatures (others)
  4 plants (D:9)
4 creatures vanquished.

Grand Total: 193 creatures vanquished

Notes
Turn   | Place    | Note
-------+----------+-------------------------------------------
     0 | D:1      | Borgoz the Gargoyle Berserker began the quest for the Orb.
     0 | D:1      | Reached XP level 1. HP: 14/14 MP: 1/1
   141 | D:1      | Reached XP level 2. HP: 17/19 MP: 2/2
   506 | D:1      | Reached XP level 3. HP: 14/23 MP: 3/3
   877 | D:2      | Noticed Jessica
   905 | D:2      | Reached ** piety under Trog
   942 | D:2      | Killed Jessica
   942 | D:2      | Reached XP level 4. HP: 17/29 MP: 4/4
  1211 | D:2      | Reached skill level 4 in Fighting
  1270 | D:2      | Reached XP level 5. HP: 25/33 MP: 5/5
  1383 | D:2      | Reached XP level 6. HP: 12/39 MP: 6/6
  2184 | D:3      | Found a faded altar of an unknown god.
  2291 | D:3      | Reached *** piety under Trog
  2331 | D:3      | Found an ancient bone altar of Kikubaaqudgha.
  2662 | D:4      | Reached skill level 5 in Fighting
  2662 | D:4      | Reached XP level 7. HP: 25/44 MP: 7/7
  2888 | D:4      | You fall into a shaft and drop 1 floor!
  2888 | D:5      | Entered Level 5 of the Dungeon
  3109 | D:5      | Noticed Eustachio
  3130 | D:5      | Reached skill level 5 in Maces & Flails
  3167 | D:5      | Killed Eustachio
  3167 | D:5      | Reached skill level 5 in Armour
  3167 | D:5      | Reached XP level 8. HP: 33/51 MP: 8/8
  3316 | D:5      | Noticed Sigmund
  3335 | D:5      | Killed Sigmund
  3335 | D:5      | Reached skill level 6 in Fighting
  3637 | D:5      | Found a shattered altar of Ashenzari.
  4697 | D:6      | Reached **** piety under Trog
  4775 | D:6      | Found a radiant altar of Vehumet.
  4775 | D:6      | Found a snail-covered altar of Cheibriados.
  4805 | D:6      | Reached XP level 9. HP: 27/56 MP: 9/9
  4925 | D:6      | Reached skill level 7 in Fighting
  5019 | D:6      | Reached skill level 5 in Dodging
  5763 | D:7      | Found a staircase to the Ecumenical Temple.
  5777 | Temple   | Entered the Ecumenical Temple
  5925 | D:7      | Found an ornate altar of the Wu Jian Council.
  6317 | D:7      | Reached skill level 8 in Fighting
  6580 | D:8      | Reached XP level 10. HP: 52/64 MP: 10/10
  6904 | D:8      | Noticed a two-headed ogre
  6915 | D:8      | Killed a two-headed ogre
  7027 | D:8      | Found a basalt altar of Yredelemnul.
  7126 | D:8      | Found a glowing silver altar of Zin.
  7450 | D:9      | Reached skill level 9 in Fighting
  7462 | D:9      | Impaled on a porcupine's spines

Illustrated notes

Levels and vault maps discovered:
D:1:      dpeg_arrival_long_road, layout_basic, minmay_unequal
D:2:      layout_basic, uniq_jessica
D:3:      layout_basic, overflow_temple_1_default,
          chequers_ecumenical_altar_island
D:4:      layout_basic, kennysheep_potato
D:5:      layout_cave_pods, lemuel_doored_altar, hangedman_decor_opposing,
          uniq_sigmund, uniq_eustachio
D:6:      layout_loops_ring, chequers_temple_overflow_statue_of_worship
D:7:      layout_basic, lemuel_coloured_pillars_altar, temple_doors_e
D:8:      layout_cave_pools, old_standard_altar, zin_treasury
D:9:      layout_layer_cave, minmay_lair_entry_grove, serial_shops,
          nicolae_shop_crystal, nicolae_tso_swordbearing_angel
Temple:   regret_index_temple_waves

Skill      XL: |  1  2  3  4  5  6  7  8  9 10 |
---------------+-------------------------------+-----
Dodging        | 2 3 4 5 6 |  6.5
Armour         | 3 4 5 6 7 8 |  8.5
Fighting       | 4 5 6 8 9 |  9.0
Maces & Flails | 4 5 6 7 8 |  8.2

Action                   |  1- 3 |  4- 6 |  7- 9 | 10-12 || total
-------------------------+-------+-------+-------+-------++-------
Melee: Mace              |   111 |   234 |   173 |       ||   518
       Flail             |       |       |   344 |   106 ||   450
Invok: Trog's Hand       |     1 |       |     1 |     1 ||     3
       Berserk           |       |       |     2 |       ||     2
Evoke: Wand              |       |       |       |     4 ||     4
  Use: Scroll            |     2 |     4 |     2 |     1 ||     9
       Potion            |     3 |       |       |       ||     3
 Stab: Paralysed         |       |       |       |     6 ||     6
Armor: Animal skin       |    30 |       |       |       ||    30
       Scale mail        |    95 |   144 |   267 |    69 ||   575
Dodge: Dodged            |   168 |   168 |   307 |    61 ||   704
Block: Other             |       |    66 |   121 |     8 ||   195
       Reflection        |       |     2 |     3 |       ||     5

Table legend: (Time is in decaauts)
 A = Elapsed time spent in this place.
 B = Non-inter-level travel time spent in this place.
 C = Inter-level travel time spent in this place.
 D = Time resting spent in this place.
 E = Time spent auto-exploring this place.
 F = Levels seen in this place.
 G = Mean time per level.
                   A        B        C        D        E       F      G
               +--------+--------+--------+--------+--------+-----+--------+
         Total |   7597 |   7423 |    174 |   1157 |   4494 |  10 |  759.7 |
       Dungeon |   7485 |   7327 |    158 |   1157 |   4398 |   9 |  831.7 |
        Temple |    112 |     96 |     16 |      0 |     95 |   1 |  112.0 |
               +--------+--------+--------+--------+--------+-----+--------+

Top non-repeatable levels by time:
     D:5: 1234 daAuts
     D:7: 1115 daAuts
     D:2: 1050 daAuts
     D:1: 877 daAuts
     D:4: 781 daAuts
     D:6: 771 daAuts
     D:3: 714 daAuts
     D:8: 676 daAuts
     D:9: 263 daAuts
  Temple: 112 daAuts
